 Dungeon Sprint DCSS version 0.30.1-9-gdf580d7c3d (webtiles) character file.

Game seed: 4244150194679614353

515 Heoruswealwe the Spear-Bearer (level 7, -4/71 HPs)
             Began as a Minotaur Fighter on Oct 4, 2023.
             Slain by an orc warrior
             ... wielding a +0 war axe
              (9 damage)
             ... in the Dungeon (Sprint IX: "|||||||||||||||||||||||||||||").
             The game lasted 00:01:14 (179 turns).

Heoruswealwe the Spear-Bearer (Minotaur Fighter)     Turns: 179, Time: 00:01:15

Health: -4/71      AC:  8    Str: 22    XL:     7   Next: 0%
Magic:  6/6        EV:  9    Int:  5    God:
Gold:   0          SH:  4    Dex: 10    Spells: 6/6 levels left

rFire   . . .        a - +0 trident
rCold   . . .        d - +0 buckler
rNeg    . . .        c - +0 scale mail
rPois   .            (helmet restricted)
rElec   .            (no cloak)
rCorr   .            (no gloves)
SInv    .            (no boots)
Will    .....        (no amulet) Stlth
                     (no ring)
HPRegen 0.31/turn    (no ring)
MPRegen 0.10/turn

%: no teleportation
@: no status effects
A: horns 2, retaliatory headbutt
a: no special abilities


You were in the Dungeon.
You visited 1 branch

Inventory:

Hand Weapons
 a - a +0 trident (weapon)
Armour
 c - a +0 scale mail (worn)
 d - a +0 buckler (worn)
Jewellery
 m - a +3 ring of strength
 n - a +3 ring of dexterity
Wands
 l - a wand of iceblast (10)
Scrolls
 j - 2 scrolls of blinking
 k - 2 scrolls of amnesia
Potions
 b - a potion of might
 e - 5 potions of curing
 f - 3 potions of heal wounds
 g - a potion of haste
 h - a potion of invisibility
 i - a potion of berserk rage


   Skills:
 + Level 9.7 Fighting
 * Level 12.8 Polearms
 + Level 9.7 Armour
 - Level 3.6 Shields


You had 6 spell levels left.
You didn't know any spells.
Your spell library was empty.

Dungeon Overview and Level Annotations

Branches:
Dungeon (1/1)

Altars:
Cheibriados
Dithmenos
Elyvilon
Fedhas
Gozag
Hepliaklqana
Kikubaaqudgha
Makhleb
Nemelex Xobeh
Okawaru
Qazlal
Ru
Sif Muna
Trog
Uskayaw
Vehumet
Wu Jian
Xom
Yredelemnul
Zin
The Shining One
Jiyva
Lugonu


Innate Abilities, Weirdness & Mutations

You have a pair of horns on your head.
You reflexively headbutt those who attack you in melee.


Message History

The wight is heavily damaged.
You block the wight's attack.
You puncture the wight!
You destroy the wight!
You have reached level 7!
The orc warrior hits you but does no damage.
Items here: )) [[.
You barely miss the orc warrior. The orc warrior closely misses you.
You puncture the orc warrior!
The orc warrior is moderately wounded.
The orc warrior barely misses you.
You closely miss the orc warrior. Your headbutt misses the orc warrior.
The orc warrior is moderately wounded.
You hit the orc warrior but do no damage.
The orc warrior is moderately wounded.
The orc warrior hits you with a +0 war axe.
* * * LOW HITPOINT WARNING * * *
You hit the orc warrior. Your headbutt misses the orc warrior.
The orc warrior is heavily wounded.
The orc warrior hits you with a +0 war axe!
* * * LOW HITPOINT WARNING * * *
You barely miss the orc warrior.
The orc warrior is heavily wounded.
You completely miss the orc warrior.
The orc warrior is heavily wounded.
You block the orc warrior's attack.
You closely miss the orc warrior.
You headbutt the orc warrior, but do no damage.
The orc warrior is heavily wounded.
The orc warrior hits you with a +0 war axe!
* * * LOW HITPOINT WARNING * * *
You hit the orc warrior but do no damage.
The orc warrior is heavily wounded.
The orc warrior hits you but does no damage.
You hit the orc warrior but do no damage.
The orc warrior is heavily wounded.
You hit the orc warrior but do no damage.
The orc warrior is heavily wounded.
The orc warrior hits you with a +0 war axe!
You die...

▓+▓
▓.▓
▓y▓
▓W▓
▓o▓
▓@▓
▓.▓
▓'▓
▓.▓
▓.▓
▓[▓
▓[▓
▓[▓
▓.▓


You could see a wraith, an orc warrior and a killer bee.

Vanquished Creatures
  A shadow (D)
  An orc warrior (D)
  A black bear (D)
  A scorpion (D)
  A wight (D)
  A hound (D)
  An iguana (D)
  An ufetubus (D)
  A bat (D)
  An endoplasm (D)
  A giant cockroach (D)
  A goblin (D)
  A kobold (D)
13 creatures vanquished.

Notes
Turn   | Place    | Note
-------+----------+-------------------------------------------
     0 | D        | Heoruswealwe the Minotaur Fighter began the quest for the
                  | Orb.
     0 | D        | Reached XP level 1. HP: 19/19 MP: 0/0
    12 | D        | Reached skill level 3 in Polearms
    71 | D        | Noticed a black bear
    71 | D        | Noticed an iguana
    71 | D        | Noticed a scorpion
    71 | D        | Noticed a hound
    79 | D        | Killed a hound
    80 | D        | Reached skill level 5 in Fighting
    80 | D        | Reached skill level 5 in Polearms
    80 | D        | Reached skill level 5 in Armour
    80 | D        | Reached XP level 2. HP: 20/29 MP: 1/1
    80 | D        | Reached XP level 3. HP: 25/36 MP: 2/2
    83 | D        | Killed a scorpion
    84 | D        | Reached skill level 7 in Polearms
    84 | D        | Reached XP level 4. HP: 32/44 MP: 3/3
    85 | D        | Reached skill level 8 in Polearms
    92 | D        | Killed a black bear
    93 | D        | Reached skill level 10 in Polearms
    93 | D        | Reached XP level 5. HP: 30/53 MP: 4/4
    99 | D        | Found a snail-covered altar of Cheibriados.
    99 | D        | Found a shadowy altar of Dithmenos.
    99 | D        | Found a white marble altar of Elyvilon.
    99 | D        | Found a blossoming altar of Fedhas.
    99 | D        | Found an opulent altar of Gozag.
   100 | D        | Found a hazy altar of Hepliaklqana.
   101 | D        | Found a viscous altar of Jiyva.
   102 | D        | Found an ancient bone altar of Kikubaaqudgha.
   103 | D        | Found a corrupted altar of Lugonu.
   104 | D        | Found a burning altar of Makhleb.
   105 | D        | Found a sparkling altar of Nemelex Xobeh.
   106 | D        | Found an iron altar of Okawaru.
   107 | D        | Found a stormy altar of Qazlal.
   108 | D        | Found a sacrificial altar of Ru.
   109 | D        | Found a shimmering blue altar of Sif Muna.
   110 | D        | Found a bloodstained altar of Trog.
   111 | D        | Found a hide-covered altar of Uskayaw.
   112 | D        | Found a radiant altar of Vehumet.
   113 | D        | Found an ornate altar of the Wu Jian Council.
   114 | D        | Found a shimmering altar of Xom.
   115 | D        | Found a basalt altar of Yredelemnul.
   116 | D        | Found a glowing silver altar of Zin.
   117 | D        | Found a glowing golden altar of the Shining One.
   141 | D        | Noticed a wraith
   141 | D        | Noticed an orc warrior
   141 | D        | Noticed an orc warrior
   141 | D        | Noticed a shadow
   153 | D        | Killed a shadow
   154 | D        | Reached skill level 11 in Polearms
   154 | D        | Reached XP level 6. HP: 39/63 MP: 5/5
   165 | D        | Killed an orc warrior
   166 | D        | Reached skill level 12 in Polearms
   168 | D        | Reached XP level 7. HP: 22/71 MP: 6/6
   179 | D        | Slain by an orc warrior

Illustrated notes

Levels and vault maps discovered:
D:        linesprint [early_d, line_temple, items_1, d_10, items_2, lair_1,
          lair_end, items_3, orc_1, orc_end, items_4, d_15, swamp_1, shoals_1,
          snake_1, spider_1, d_20, vaults_1, items_5, swamp_end, shoals_end,
          snake_end, spider_end, vaults_end, d_27, items_6, zot_1, zot_end,
          crypt_end, forest_end, elf_end, slime_end, tomb_end, abyss_end,
          pan_hell_end]

Skill      XL: |  1  2  3  4  5  6 |
---------------+-------------------+-----
Polearms       | 5 7 10 11 12 | 12.8
Fighting       | 5 6 7 9 |  9.7
Armour         | 5 6 7 9 |  9.7
Shields        | |  3.6

Action                     |  1- 3 |  4- 6 |  7- 9 || total
---------------------------+-------+-------+-------++-------
  Melee: Trident           |    30 |    33 |    11 ||    74
         Headbutt          |     2 |     5 |     1 ||     8
 Armour: Scale mail        |    12 |    13 |     2 ||    27
  Dodge: Dodged            |    14 |     5 |     2 ||    21
  Block: Buckler           |     8 |     5 |     1 ||    14
